 Dungeon Crawl Stone Soup version 0.23.1 (webtiles) character file.

Game seed: 0

796043 Kniotic the Hoplite (level 27, -52/224 HPs)
             Began as a Mummy Gladiator on Mar 12, 2019.
             Was an Initiate of Gozag.
             Killed by dispel undead
             ... invoked by a Tzitzimitl
             ... called by a doom hound
              (65 damage)
             ... on level 5 of Tartarus.
             The game lasted 04:03:44 (94600 turns).

Kniotic the Hoplite (Mummy Gladiator)              Turns: 94600, Time: 04:03:44

Health: -52/224    AC: 48    Str: 33 (34) XL:     27
Magic:  30/30      EV: 13    Int: 23      God:    Gozag
Gold:   8373       SH: 34    Dex: 14      Spells: 26/26 levels left

rFire    + . .     SeeInvis .   a - +11 Maxwell's thermic engine {flame, freeze}
rCold    + + +     Gourm    .   q - +5 large shield "Arpha" {rElec Str+4 Stlth-}
rNeg     + + +     Faith    .   C - +10 gold dragon scales
rPois    ∞         Spirit   .   X - +2 helmet {Int+3}
rElec    +         Reflect  +   n - +1 cloak of Starlight {rElec rC+ EV+4 Stlth--}
rCorr    +         Harm     .   P - +0 pair of gloves "Trusted Companion" {rF+ rCorr}
MR       ++++.                  f - +2 pair of boots {Fly}
Stlth    ..........             V - amulet of Esselig {Reflect Str+4 Int+2 SH+2}
HPRegen  0.47/turn              E - +3 ring of slaying
MPRegen  0.22/turn              O - ring of Lefua {*Slow +Blink rElec MR+ Int+7}

@: gold aura, flying, studying 3 skills
A: no food or potions, fire vulnerability, cold resistance 1, negative energy
resistance 3, torment resistance, unbreathing, in touch with death 2
}: 6/15 runes: barnacled, slimy, silver, obsidian, icy, gossamer
a: Potion Petition, Call Merchant, Bribe Branch, Renounce Religion, Evoke Blink,
Stop Flying


You were on level 5 of Tartarus.
You worshipped Gozag.
Gozag was greatly pleased with you.
You were not hungry.

You visited 15 branches of the dungeon, and saw 73 of its levels.
You also visited: Bailey.

You collected 36481 gold pieces.
You spent 4965 gold pieces at shops.
You paid 23143 gold pieces to Gozag.

Inventory:

Hand Weapons
 a - the +11 Maxwell's thermic engine (weapon) {flame, freeze}
   (You found it on level 3 of the Elven Halls)

   It has been specially enchanted to burn those struck by it, causing extra
   injury to most foes and up to half again as much damage against particularly
   susceptible opponents.
   Big, fiery blades are also staple armaments of hydra-hunters.
 b - the +11 long sword of Purpose {speed, MR++ Int-5 Dex+2 SInv}
   (You found it on level 6 of the Dungeon)

   Attacks with this weapon are significantly faster.
   It affects your intelligence (-5).
   It affects your dexterity (+2).
   It affects your resistance to hostile enchantments.
   It lets you see invisible.
Armour
 f - a +2 pair of boots of flying (worn)
 n - the +1 cloak of Starlight (worn) {rElec rC+ EV+4 Stlth--}
   (You bought it in a shop on level 2 of the Lair of Beasts)

   It affects your evasion (+4).
   It protects you from cold.
   It insulates you from electricity.
   It makes you much less stealthy.
 o - the +3 robe of Clouds {+Thunder rCloud rElec}
   (You found it on level 4 of the Dungeon)

   It insulates you from electricity.
 q - the +5 large shield "Arpha" (worn) {rElec Str+4 Stlth-}
   (You took it off Louise on level 3 of the Elven Halls)

   It affects your strength (+4).
   It insulates you from electricity.
   It makes you less stealthy.
 C - +10 gold dragon scales (worn)
 P - the +0 pair of gloves "Trusted Companion" (worn) {rF+ rCorr}
   (You took it off Nikola on level 2 of the Elven Halls)

   It protects you from fire.
   It provides partial protection from all sources of acid and corrosion.
 X - a +2 helmet of intelligence (worn)
Jewellery
 E - a +3 ring of slaying (left hand)
 O - the ring of Lefua (right hand) {*Slow +Blink rElec MR+ Int+7}
   (You bought it in a shop on level 15 of the Dungeon)

   [ring of protection from magic]

   It affects your intelligence (+7).
   It insulates you from electricity.
   It affects your resistance to hostile enchantments.
   It lets you blink.
   It may slow you when you take damage.
 Q - the ring "Kish" {MR+ Dex-2 SInv Stlth+}
   (You found it on level 5 of the Pits of Slime)

   [ring of see invisible]

   It affects your dexterity (-2).
   It affects your resistance to hostile enchantments.
   It lets you see invisible.
   It makes you more stealthy.
 V - the amulet of Esselig (around neck) {Reflect Str+4 Int+2 SH+2}
   (You took it off a tengu reaver on level 5 of the Vaults)

   [amulet of reflection]

   It shields you and reflects attacks.
   It affects your strength (+4).
   It affects your intelligence (+2).
   It affects your SH (+2).
Wands
 j - a wand of enslavement (11)
 p - a wand of disintegration (54)
 w - a wand of iceblast (12)
 x - a wand of digging (11)
 A - a wand of clouds (9)
 R - a wand of paralysis (38)
Scrolls
 d - 2 scrolls of torment
 e - 3 scrolls of teleportation
 h - 7 scrolls of enchant armour
 l - 7 scrolls of fear
 r - 4 scrolls of magic mapping
 u - 7 scrolls of enchant weapon
 y - 11 scrolls of identify
 z - 9 scrolls of fog
 B - 11 scrolls of immolation
 D - 12 scrolls of vulnerability
 G - 4 scrolls of amnesia
 I - 11 scrolls of remove curse
 L - a scroll of silence
 M - 2 scrolls of brand weapon
Books
 c - a manual of Polearms
 t - a manual of Bows
 J - a manual of Crossbows
Miscellaneous
 g - a lamp of fire
 s - 2 boxes of beasts
 F - the horn of Geryon
 H - 5 sacks of spiders
 S - a fan of gales


   Skills:
 - Level 20.0 Fighting
 + Level 21.6 Long Blades
 - Level 1.5 Throwing
 + Level 23.7 Armour
 - Level 2.4 Dodging
 - Level 25.0 Shields
 - Level 10.0 Evocations


You had 26 spell levels left.
You didn't know any spells.
Your spell library contained the following spells:

 Spells                   Type           Power        Failure   Level  Hunger
 Animate Skeleton         Necr           N/A          67%         1    N/A
 Apportation              Tloc           #.....       67%         1    N/A
 Confusing Touch          Hex            #.....       67%         1    N/A
 Corona                   Hex            #......      67%         1    N/A
 Flame Tongue             Conj/Fire      #....        67%         1    N/A
 Magic Dart               Conj           #...         67%         1    N/A
 Pain                     Necr           #...         67%         1    N/A
 Sandblast                Erth           #.....       67%         1    N/A
 Sting                    Conj/Pois      #...         67%         1    N/A
 Summon Butterflies       Summ           #.......     67%         1    N/A
 Summon Small Mammal      Summ           #...         67%         1    N/A
 Blink                    Tloc           N/A          80%         2    N/A
 Call Imp                 Summ           #.......     80%         2    N/A
 Corpse Rot               Necr           N/A          80%         2    N/A
 Ensorcelled Hibernation  Hex/Ice        #.....       80%         2    N/A
 Passwall                 Tmut/Erth      #.......     80%         2    N/A
 Poisonous Vapours        Pois/Air       #.....       80%         2    N/A
 Searing Ray              Conj           #.....       80%         2    N/A
 Shroud of Golubria       Chrm/Tloc      #.........   80%         2    N/A
 Sticks to Snakes         Tmut           #.......     80%         2    N/A
 Throw Flame              Conj/Fire      #.....       80%         2    N/A
 Call Canine Familiar     Summ           #.......     95%         3    N/A
 Confuse                  Hex            #.......     95%         3    N/A
 Conjure Flame            Conj/Fire      #.......     95%         3    N/A
 Dazzling Spray           Conj/Hex       #.....       95%         3    N/A
 Gell's Gravitas          Tloc           #.........   95%         3    N/A
 Ignite Poison            Fire/Tmut/Pois #.......     95%         3    N/A
 Inner Flame              Hex/Fire       #.......     95%         3    N/A
 Lesser Beckoning         Tloc           #.........   95%         3    N/A
 Mephitic Cloud           Conj/Pois/Air  #.......     95%         3    N/A
 Portal Projectile        Hex/Tloc       #.....       95%         3    N/A
 Recall                   Summ/Tloc      N/A          95%         3    N/A
 Stone Arrow              Conj/Erth      #.....       95%         3    N/A
 Summon Guardian Golem    Hex/Summ       #.......     95%         3    N/A
 Teleport Other           Tloc           #.......     95%         3    N/A
 Tukima's Dance           Hex            #.......     95%         3    N/A
 Vampiric Draining        Necr           #.........   95%         3    N/A
 Animate Dead             Necr           N/A          100%        4    N/A
 Cause Fear               Hex            #.........   100%        4    N/A
 Force Lance              Conj/Tloc      #.......     100%        4    N/A
 Fulminant Prism          Conj/Hex       #.........   100%        4    N/A
 Iskenderun's Mystic Bla  Conj           #.......     100%        4    N/A
 Leda's Liquefaction      Hex/Erth       #.........   100%        4    N/A
 Olgreb's Toxic Radiance  Pois           #.......     100%        4    N/A
 Passage of Golubria      Tloc           N/A          100%        4    N/A
 Petrify                  Tmut/Erth      #.......     100%        4    N/A
 Sticky Flame             Conj/Fire      #.......     100%        4    N/A
 Summon Ice Beast         Ice/Summ       #.......     100%        4    N/A
 Summon Lightning Spire   Summ/Air       #.......     100%        4    N/A
 Agony                    Necr           #.......     100%        5    N/A
 Alistair's Intoxication  Tmut/Pois      #.......     100%        5    N/A
 Bolt of Draining         Conj/Necr      #.........   100%        5    N/A
 Bolt of Magma            Conj/Fire/Erth #.........   100%        5    N/A
 Borgnjor's Vile Clutch   Necr/Erth      #.........   100%        5    N/A
 Dispel Undead            Necr           #.......     100%        5    N/A
 Excruciating Wounds      Chrm/Necr      #.........   100%        5    N/A
 Fireball                 Conj/Fire      #.........   100%        5    N/A
 Irradiate                Conj/Tmut      #.........   100%        5    N/A
 Iskenderun's Battlesphe  Conj/Chrm      #.......     100%        5    N/A
 Lee's Rapid Deconstruct  Erth           #.........   100%        5    N/A
 Metabolic Englaciation   Hex/Ice        #.........   100%        5    N/A
 Silence                  Hex/Air        #.........   100%        5    N/A
 Summon Forest            Summ/Tloc      #.........   100%        5    N/A
 Venom Bolt               Conj/Pois      #.........   100%        5    N/A
 Yara's Violent Unravell  Hex/Tmut       #.........   100%        5    N/A
 Bolt of Cold             Conj/Ice       #.........   100%        6    N/A
 Bolt of Fire             Conj/Fire      #.........   100%        6    N/A
 Death Channel            Necr           #.........   100%        6    N/A
 Deflect Missiles         Chrm/Air       #.........   100%        6    N/A
 Dispersal                Tloc           #.........   100%        6    N/A
 Freezing Cloud           Conj/Ice/Air   #.........   100%        6    N/A
 Invisibility             Hex            #.......     100%        6    N/A
 Iron Shot                Conj/Erth      #.........   100%        6    N/A
 Ozocubu's Refrigeration  Ice            #.........   100%        6    N/A
 Simulacrum               Ice/Necr       #.........   100%        6    N/A
 Haunt                    Necr/Summ      #.........   100%        7    N/A
 Orb of Destruction       Conj           #.........   100%        7    N/A
 Ring of Flames           Chrm/Fire      #.........   100%        7    N/A
 Spellforged Servitor     Conj/Summ      #.........   100%        7    N/A
 Summon Hydra             Summ           #.........   100%        7    N/A
 Controlled Blink         Tloc           N/A          100%        8    N/A
 Discord                  Hex            #.........   100%        8    N/A
 Infestation              Necr           #.........   100%        8    N/A
 Dragon's Call            Summ           #.........   100%        9    N/A
 Shatter                  Erth           #.........   100%        9    N/A
 Beastly Appendage        Tmut           Unusable     N/A         1    N/A
 Sublimation of Blood     Necr           Unusable     N/A         2    N/A
 Regeneration             Chrm/Necr      Unusable     N/A         3    N/A
 Spider Form              Tmut/Pois      Unusable     N/A         3    N/A
 Ice Form                 Ice/Tmut       Unusable     N/A         4    N/A
 Blade Hands              Tmut           Unusable     N/A         5    N/A
 Hydra Form               Tmut           Unusable     N/A         6    N/A
 Statue Form              Tmut/Erth      Unusable     N/A         6    N/A
 Dragon Form              Tmut           Unusable     N/A         7    N/A
 Borgnjor's Revivificati  Necr           Unusable     N/A         8    N/A
 Death's Door             Chrm/Necr      Unusable     N/A         8    N/A
 Necromutation            Tmut/Necr      Unusable     N/A         8    N/A

Dungeon Overview and Level Annotations

Branches:
Dungeon (15/15)            Temple (1/1) D:5            Lair (6/6) D:9
 Shoals (4/4) Lair:2       Spider (4/4) Lair:4        Slime (5/5) Lair:5
    Orc (2/2) D:9             Elf (3/3) Orc:2        Vaults (5/5) D:13
  Crypt (3/3) Vaults:3       Tomb (0/3) Crypt:3      Depths (5/5) D:15
   Hell (1/1)                 Dis (0/7) Hell            Geh (7/7) Hell
    Coc (7/7) Hell            Tar (5/7) Hell            Zot (0/5) Depths:5

Altars:
Ashenzari
Gozag
Kikubaaqudgha
Makhleb
Nemelex Xobeh
Okawaru
Qazlal
Ru
Trog
Uskayaw
Vehumet
Wu Jian
Xom
Yredelemnul
Zin
The Shining One
Beogh
Jiyva
Lugonu

Shops:
D:9 [[*   D:11 [   D:14 *   D:15 =   Orc:2 ([([   Elf:3 [[??[*   Lair:2 [
Lair:5 *   Shoals:2 ?   Vaults:3 *   Depths:1 ([*(   Depths:2 }}=
Depths:5 [([(=[

Portals:
Hell: Depths:1 Depths:2 Depths:3 Depths:4 Depths:5
Abyss: Depths:1 Depths:3 Depths:4 Depths:5
Pandemonium: Depths:3
Ziggurat: Depths:1

Annotations:
D:3 1 runed translucent door, Crazy Yiuf
Lair:2 exclusion: oklob plant
Lair:6 exclusion: oklob plant
Elf:2 3 runed translucent doors
Coc:7 Antaeus


Innate Abilities, Weirdness & Mutations

You do not eat or drink.
Your flesh is vulnerable to fire.
You are immune to poison.
Your flesh is cold resistant. (rC+)
You are immune to negative energy. (rN+++)
You are immune to unholy pain and torment.
You can survive without breathing.
You are strongly in touch with the powers of death.


Message History

You freeze the bone dragon.
The bone dragon is almost destroyed.
You block the bone dragon's attack. x2
The bone dragon tramples you but does no damage.
The Tzitzimitl engulfs you but does no damage.
The Tzitzimitl closely misses you.
You slice the bone dragon!!
You destroy the bone dragon!
You block the reaper's attack. The Tzitzimitl gestures at you.
You convulse!
* * * LOW HITPOINT WARNING * * *
You see here 7 gold pieces.
The Tzitzimitl gestures at you. The bolt of cold hits you! You resist.
* * * LOW HITPOINT WARNING * * *
The Tzitzimitl gestures at you.
You convulse!
You die...
Your body crumbles into a pile of gold.

#...####..##....
............#...
............#
#....$.#..#
###### ##..$....#
......##$2#######
......$11##
......$$$#
..######@.#
..#### #$.# ####
#....##..# #..##
#........# ####
#...# #.......##
#..####...
######..#
#...###... ##.#
######...###..
#.#
#..###....##..
#.#
#...###...###[


You could see 2 Tzitzimimeh and a reaper.

Vanquished Creatures
  Asmodeus (Geh:7)
  the Royal Jelly (Slime:5)
  the Serpent of Hell (Coc:7)
  An ancient lich (Vaults:5)
  A juggernaut (Depths:4)
  Sojobo (Depths:1)
  Boris (twice) (Vaults:2 Depths:2)
  11 shard shrikes
  Margery (Depths:3)
  Geryon (Hell)
  4 golden dragons (Vaults:5)
  A profane servitor (Crypt:3)
  the Enchantress (Depths:2)
  Jory (Crypt:3)
  Nikola (Elf:2)
  14 bone dragons
  4 doom hounds
  8 Tzitzimimeh
  16 Brimstone Fiends
  Rupert (Lair:4)
  3 tentacled monstrosities
  14 Ice Fiends
  Asterion (Lair:4)
  4 titans (Vaults:5)
  4 quicksilver dragons
  Frances (Shoals:2)
  An ancient champion (Crypt:3)
  6 liches
  Polyphemus (Shoals:2)
  30 acid blobs
  4 sphinxes
  3 deep elf blademasters (Elf:3)
  4 eldritch tentacles
  The ghost of ciphuk the Crack Shot, an adept CeHu of Okawaru (Spider:2)
  A thorn hunter (Depths:2)
  10 tengu reavers
  8 shadow dragons
  3 storm dragons
  2 revenants
  26 azure jellies
  9 frost giants
  9 deep elf sorcerers
  2 orc warlords
  11 fire giants
  2 iron dragons
  6 ghost moths
  12 vault wardens
  Aizul (Shoals:2)
  11 balrugs
  4 ghouls
  3 deep elf elementalists (Elf:3)
  26 very ugly things
  4 spriggan defenders
  Louise (Elf:3)
  3 emperor scorpions
  20 stone giants
  2 war gargoyles
  10 ironheart preservers
  6 entropy weavers
  36 reapers
  3 elemental wellsprings
  12 vampire knights
  3 black draconians (Depths:5)
  4 deep elf demonologists
  Azrael (D:13)
  6 deep elf annihilators
  6 dire elephants (Lair:6)
  3 white draconians (Depths:5)
  2 merfolk javelineers (Shoals:4)
  5 spark wasps
  17 ettins
  7 deep elf death magi
  3 eidola
  12 blizzard demons
  14 fire dragons
  2 merfolk impalers (Shoals:4)
  3 quicksilver dragon zombies
  15 death oozes
  Josephine (Spider:1)
  4 deep elf high priests
  19 jiangshi
  20 great orbs of eyes
  6 rakshasas
  A kraken zombie (Coc:5)
  12 yaktaur captains
  41 vault guards
  29 ice dragons
  Harold (D:8)
  6 quicksilver dragon skeletons
  2 ghost crabs (Tar:5)
  8 centaur warriors
  5 hydras
  5 merfolk avatars
  9 spriggan air magi
  An anaconda (Lair:6)
  4 ogre magi
  A spectral stone giant (Crypt:3)
  2 merfolk aquamancers (Shoals:4)
  17 two-headed ogres
  9 death knights
  A catoblepas (Shoals:1)
  2 satyrs
  14 deep troll shamans
  Erica (D:9)
  8 vampire magi
  9 death yaks
  11 deep troll earth magi
  8 tengu warriors
  29 hell hogs
  3 orc high priests (Orc:2)
  A naga sharpshooter (D:14)
  52 hell knights
  8 spriggan berserkers
  16 sun demons
  3 storm dragon zombies
  6 titan zombies
  4 soul eaters
  7 titan skeletons
  3 spriggans (Depths:4)
  12 deep elf knights
  An iron golem (Hell)
  6 shadow wraiths
  4 iron trolls
  A sixfirhy (Geh:7)
  A death drake (Tar:5)
  62 skeletal warriors
  2 storm dragon skeletons
  A spriggan druid (Elf:1)
  12 anaconda zombies
  5 unseen horrors
  3 ghost moth zombies
  A quicksilver dragon simulacrum (Crypt:3)
  4 golden dragon zombies
  2 unseen horrors (shapeshifter)
  18 deep elf archers
  5 shadow demons
  5 glowing orange brains
  A naga ritualist (D:14)
  11 sea snakes
  A swamp dragon (shapeshifter) (Vaults:5)
  8 shadow dragon zombies
  13 flayed ghosts
  20 harpies
  16 deep trolls
  3 golden dragon skeletons
  24 necromancers
  5 wizards
  A mana viper (shapeshifter) (Vaults:5)
  18 ironbrand convokers
  A lindwurm (D:13)
  10 fire giant zombies
  14 orc knights
  8 phantasmal warriors
  5 anaconda skeletons
  An iron dragon zombie (Coc:5)
  27 wolf spiders
  54 deep elf magi
  A wolf spider zombie (D:15)
  21 orb spiders
  8 stone giant zombies
  8 frost giant zombies
  8 cyclopes
  7 moths of wrath
  5 orc sorcerers
  6 shadow dragon skeletons
  A mana viper (D:14)
  21 fauns
  64 ugly things
  11 shining eyes
  16 manticores
  10 elephants
  A salamander (D:14)
  A salamander (shapeshifter) (Depths:1)
  3 frost giant skeletons
  An iron dragon skeleton (Tar:1)
  2 guardian serpents (shapeshifter)
  12 vault sentinels
  6 water nymphs
  8 merfolk sirens
  6 stone giant skeletons
  2 black mambas (shapeshifter)
  2 eyes of devastation
  2 smoke demons
  6 fire giant skeletons
  13 black mambas
  4 dire elephant zombies
  A large abomination (Crypt:3)
  7 rust devils
  3 titan simulacra
  2 torpor snails (Spider:1)
  2 torpor snails (shapeshifter)
  8 molten gargoyles
  7 dire elephant skeletons
  9 spiny frogs
  2 catoblepas zombies
  3 centaur skeletons
  3 rime drakes
  A yaktaur zombie (Vaults:2)
  A komodo dragon (shapeshifter) (Depths:3)
  3 kobold demonologists
  5 storm dragon simulacra
  7 komodo dragons
  27 hellions
  A shock serpent skeleton (Tar:5)
  46 yaktaurs
  31 ice devils
  41 freezing wraiths
  An efreet (Geh:5)
  A redback zombie (D:13)
  3 harpy zombies
  2 catoblepas skeletons (Geh:5)
  A yaktaur skeleton (Vaults:2)
  13 demonic crawlers
  20 red devils
  A golden dragon simulacrum (Coc:7)
  15 hydra zombies
  5 tengu conjurers
  28 tormentors
  A black draconian skeleton (Geh:7)
  9 trolls
  2 silent spectres
  A meliai (shapeshifter) (Vaults:2)
  3 meliai (Spider:2)
  A polar bear (Elf:1)
  6 wind drakes
  14 merfolk
  A tengu simulacrum (Vaults:1)
  42 jumping spiders
  Prince Ribbit (D:6)
  A purple draconian skeleton (Crypt:2)
  3 wolf spider simulacra
  A spectral jumping spider (Spider:2)
  2 spectral tarantellas (Spider:2)
  9 hydra skeletons
  A troll (shapeshifter) (D:15)
  10 tyrant leeches
  A sea snake skeleton (Crypt:2)
  13 hornets
  2 raiju (shapeshifter)
  2 ice dragon zombies
  6 snapping turtles
  17 blink frogs
  A harpy skeleton (Crypt:2)
  6 alligator zombies
  A moth of wrath zombie (Crypt:1)
  152 slime creatures
  An iron dragon simulacrum (Coc:7)
  9 ettin zombies
  11 hippogriffs
  3 human simulacra
  3 fire dragon zombies
  3 dream sheep (Shoals:2)
  112 flying skulls
  A stone giant simulacrum (Crypt:1)
  4 air elementals
  75 redbacks
  2 redbacks (shapeshifter) (D:15)
  18 shadows
  A black mamba zombie (Geh:1)
  5 wyverns
  A vampire (D:15)
  27 tarantellas
  6 ettin skeletons
  2 fire giant simulacra
  A spriggan (shapeshifter) (Depths:1)
  23 water elementals
  44 wraiths
  7 fire bats
  3 alligator skeletons
  2 black mamba skeletons
  11 ice dragon skeletons
  A wyvern (shapeshifter) (D:13)
  A wind drake skeleton (Crypt:1)
  48 yaks
  A golden eye (shapeshifter) (Depths:4)
  9 golden eyes
  21 fire elementals
  A human (shapeshifter) (D:13)
  4 basilisks
  An emperor scorpion simulacrum (Spider:2)
  6 hungry ghosts
  7 wargs
  Menkaure (D:4)
  A soldier ant (D:10)
  3 small abominations (Crypt:3)
  A naga (D:14)
  An acid dragon (shapeshifter) (Vaults:2)
  5 swamp worms (Spider:1)
  3 hydra simulacra (Coc:7)
  10 spiny frog zombies
  35 hell hounds
  4 porcupines
  A tarantella simulacrum (Spider:2)
  22 water moccasins
  A floating eye (shapeshifter) (Vaults:3)
  3 floating eyes
  2 black bears (shapeshifter)
  5 spiny frog skeletons
  2 manticore zombies
  A merfolk skeleton (Geh:6)
  A hornet zombie (D:13)
  3 sky beasts
  2 alligator simulacra
  A swamp dragon zombie (Geh:7)
  An eye of draining (shapeshifter) (D:15)
  11 ice beasts
  2 ice dragon simulacra
  16 ogres
  55 orc warriors
  7 eyes of draining
  2 human zombies
  19 necrophages
  8 phantoms
  7 boggarts
  2 snapping turtle zombies
  A wolf (Elf:1)
  2 black bears
  5 snapping turtle skeletons
  A crocodile (shapeshifter) (Vaults:4)
  A swamp dragon skeleton (Geh:4)
  8 centaurs
  A manticore skeleton (Tar:1)
  6 crocodiles
  2 elf skeletons
  18 bullfrogs
  An elf simulacrum (Vaults:1)
  An elf zombie (Coc:7)
  3 big kobolds
  2 earth elementals
  3 human skeletons
  2 spiny frog simulacra
  An orb spider simulacrum (Spider:2)
  A wyvern skeleton (D:10)
  4 scorpions
  2 water moccasin skeletons
  14 killer bees
  3 howler monkeys
  A swamp dragon simulacrum (Coc:1)
  A troll skeleton (Coc:2)
  35 wights
  A spriggan skeleton (Geh:4)
  4 centaur zombies
  20 crimson imps
  2 quasits
  4 jellies
  20 orc priests
  A bullfrog skeleton (D:12)
  2 bullfrog zombies
  12 hounds
  3 iron imps
  Ijyb (D:4)
  32 orc wizards
  3 iguanas
  13 hell rats
  11 worker ants
  A killer bee zombie (D:8)
  A crocodile zombie (Crypt:2)
  A tengu skeleton (Coc:2)
  2 naga skeletons
  An ogre skeleton (Coc:7)
  2 hound skeletons
  2 hound zombies
  A howler monkey zombie (D:9)
  16 adders
  A gnoll (shapeshifter) (Vaults:5)
  6 shadow imps
  14 white imps
  An adder skeleton (D:5)
  A worm (D:3)
  A dart slug (D:2)
  5 leopard geckos
  113 orcs
  6 bats
  A giant cockroach (D:4)
  8 goblins
  6 hobgoblins
  9 jackals
  12 kobolds
  7 quokkas
  2 ball pythons
  8 frilled lizards
  5 rats
  5 plants (Lair:6)
  3 tentacles (Coc:5)
3337 creatures vanquished.

Vanquished Creatures (collateral kills)
  3 acid blobs (Slime:5)
  2 death oozes (Slime:5)
  An orc warrior (Orc:2)
  An ogre (D:9)
  An orc priest (Orc:2)
  An orc (Orc:2)
9 creatures vanquished.

Vanquished Creatures (others)
  A deep elf master archer (Elf:3)
  2 eldritch tentacles
  A tengu reaver (Depths:5)
  2 fire giants
  An elemental wellspring (Coc:7)
  3 stone giants
  A deep elf annihilator (Vaults:5)
  3 merfolk javelineers
  3 yaktaur captains
  A centaur warrior (Depths:1)
  A vault guard (Vaults:5)
  A tengu warrior (Depths:1)
  14 dancing weapons
  2 satyrs
  An ogre mage (Vaults:3)
  2 deep elf archers
  A faun (Shoals:4)
  2 ugly things (Depths:1)
  A deep elf mage (Elf:2)
  A wolf spider (Spider:2)
  A manticore (Shoals:1)
  A hellion (Geh:7)
  14 yaktaurs
  A troll (D:9)
  3 flying skulls (Geh:7)
  A shadow (Geh:1)
  2 wraiths
  2 necrophages (Geh:1)
  An ogre (Vaults:5)
  4 wights
  An orc priest (Orc:1)
  A human skeleton (Geh:6)
  A hell rat (Hell)
  An orc (Vaults:2)
  A kobold skeleton (Geh:5)
  62 bushes (Depths:1)
  11 fungi
  35 plants
  3 tentacles (Coc:5)
190 creatures vanquished.

Grand Total: 3536 creatures vanquished

Notes
Turn   | Place    | Note
-------+----------+-------------------------------------------
     0 | D:1      | Kniotic the Mummy Gladiator began the quest for the Orb.
     0 | D:1      | Reached XP level 1. HP: 16/16 MP: 1/1
   258 | D:1      | Reached XP level 2. HP: 22/22 MP: 2/2
  1168 | D:2      | Reached XP level 3. HP: 26/27 MP: 3/3
  1170 | D:2      | Found a faded altar of an unknown god.
  1298 | D:2      | Noticed a bullfrog
  1668 | D:2      | Killed a bullfrog
  1668 | D:2      | Reached XP level 4. HP: 3/33 MP: 4/4
  1953 | D:2      | Found a bloodstained altar of Trog.
  1953 | D:2      | Found an ornate altar of the Wu Jian Council.
  2119 | D:3      | Found an ancient bone altar of Kikubaaqudgha.
  2243 | D:3      | Reached XP level 5. HP: 33/38 MP: 5/5
  3136 | D:3      | Found a runed translucent door.
  3137 | D:3      | Noticed Crazy Yiuf
  3361 | D:4      | Reached skill level 5 in Long Blades
  3491 | D:4      | Found the +12 glaive of Prune {chop}
  3743 | D:4      | Found the +3 robe of Clouds {+Thunder rCloud rElec}
  3771 | D:4      | You fall through a shaft for 2 floors!
  3773 | D:6      | Noticed an ogre
  3777 | D:6      | Killed an ogre
  3777 | D:6      | Reached XP level 6. HP: 40/44 MP: 6/6
  3854 | D:6      | Noticed an ice beast
  3858 | D:6      | Killed an ice beast
  3894 | D:6      | Reached XP level 7. HP: 33/50 MP: 7/7
  4239 | D:6      | Got a steaming long sword
  4240 | D:6      | Identified the +11 long sword of Purpose {speed, MR++ Int-5
                  | Dex+2 SInv} (You found it on level 6 of the Dungeon)
  4302 | D:5      | Entered Level 5 of the Dungeon
  4321 | D:5      | Noticed Menkaure
  4528 | D:6      | Reached XP level 8. HP: 51/56 MP: 8/8
  4653 | D:5      | Noticed Prince Ribbit
  4664 | D:6      | Killed Prince Ribbit
  4770 | D:5      | Found a shattered altar of Ashenzari.
  5142 | D:4      | Found a shattered altar of Ashenzari.
  5142 | D:4      | Found an iron altar of Okawaru.
  5206 | D:5      | Noticed Ijyb
  5209 | D:4      | Killed Menkaure
  5214 | D:4      | Killed Ijyb
  5469 | D:5      | Found a basalt altar of Yredelemnul.
  5512 | D:5      | Found a staircase to the Ecumenical Temple.
  5523 | Temple   | Entered the Ecumenical Temple
  5568 | Temple   | Became a worshipper of Gozag Ym Sagoz the Greedy
  5778 | D:5      | Found a sacrificial altar of Ru.
  5902 | D:6      | Reached skill level 10 in Long Blades
  6021 | D:7      | Reached XP level 9. HP: 61/61 MP: 9/9
  6303 | D:7      | Found a shimmering altar of Xom.
  6335 | D:7      | Found an opulent altar of Gozag.
  6551 | D:8      | Noticed Harold
  6593 | D:8      | Killed Harold
  6889 | D:8      | Noticed a two-headed ogre
  6895 | D:8      | Killed a two-headed ogre
  6895 | D:8      | Reached XP level 10. HP: 49/67 MP: 10/10
  7635 | D:9      | Reached skill level 1 in Armour
  7983 | D:9      | Found a staircase to the Lair.
  8393 | D:9      | Noticed Erica
  8451 | D:9      | Killed Erica
  9007 | D:9      | Found a staircase to the Orcish Mines.
  9023 | D:9      | Found a roughly hewn altar of Beogh.
  9322 | D:10     | Entered Level 10 of the Dungeon
  9330 | D:10     | Reached XP level 11. HP: 77/77 MP: 11/11
  9653 | D:10     | Noticed a two-headed ogre
  9661 | D:10     | Killed a two-headed ogre
  9828 | D:10     | Reached skill level 5 in Fighting
 10067 | D:10     | Noticed an unseen horror
 10073 | D:10     | Killed an unseen horror
 10294 | D:10     | Noticed an eight-headed hydra
 10312 | D:10     | Killed a one-headed hydra
 10570 | D:10     | Noticed an unseen horror
 10579 | D:10     | Killed an unseen horror
 10719 | Lair:1   | Entered Level 1 of the Lair of Beasts
 10768 | D:9      | Bought a +2 pair of boots of flying for 387 gold pieces
 10888 | Lair:1   | Reached skill level 5 in Armour
 11224 | Lair:1   | Noticed a six-headed hydra
 11234 | Lair:1   | Killed a one-headed hydra
 11524 | Lair:2   | Noticed an oklob plant
 11590 | Lair:2   | Found a staircase to the Shoals.
 11618 | Lair:2   | Reached XP level 12. HP: 75/91 MP: 12/12
 12885 | Lair:2   | Found the +8 whip "Snakebite" {curare, rPois}
 13881 | Lair:3   | Reached skill level 10 in Fighting
 14896 | Lair:4   | Gained mutation: You are in touch with the powers of death.
                  | [Mummy growth]
 14896 | Lair:4   | Reached XP level 13. HP: 103/103 MP: 13/13
 15504 | Lair:4   | Found a hole to the Spider Nest.
 16412 | Lair:5   | Reached skill level 10 in Armour
 16525 | Lair:5   | Reached skill level 1 in Shields
 16650 | Lair:5   | Reached skill level 1 in Evocations
 16964 | Lair:5   | Reached skill level 2 in Shields
 16990 | Lair:5   | Found a viscous altar of Jiyva.
 16991 | Lair:5   | Found a staircase to the Slime Pits.
 17218 | Lair:6   | Entered Level 6 of the Lair of Beasts
 17400 | Lair:6   | Reached skill level 3 in Shields
 17609 | Lair:6   | Reached skill level 4 in Shields
 18167 | Lair:6   | Reached skill level 5 in Shields
 18960 | Lair:6   | Reached XP level 14. HP: 104/113 MP: 16/16
 19160 | Lair:6   | Reached skill level 6 in Shields
 20048 | Lair:6   | Got a warped bronze ring
 20050 | Lair:6   | Got a pitted dagger
 20270 | Orc:1    | Entered Level 1 of the Orcish Mines
 20329 | Orc:1    | Noticed an orc warlord
 20678 | D:9      | Identified the +5 dagger of Action {pierce, Int+2} (You
                  | found it on level 6 of the Lair of Beasts)
 20679 | D:9      | Identified the cursed ring "Geeheuna" {rPois EV-3 Stlth+}
                  | (You found it on level 6 of the Lair of Beasts)
 20824 | Orc:1    | Killed an orc warlord
 20824 | Orc:1    | Reached skill level 7 in Shields
 21157 | Orc:1    | Reached skill level 5 in Evocations
 21815 | D:11     | Found a flagged portal.
 21829 | Bailey   | Entered a bailey
 22345 | Bailey   | Reached skill level 8 in Shields
 22577 | D:11     | Found Kiuffodu's Armour Shoppe.
 24037 | D:13     | Noticed Azrael
 24457 | D:13     | Reached skill level 9 in Shields
 24660 | D:13     | Found a gate to the Vaults.
 24733 | D:13     | Reached XP level 15. HP: 115/118 MP: 19/19
 24778 | D:13     | Killed Azrael
 25250 | D:14     | Found Baock's Serpentskin Sales.
 26278 | D:15     | Entered Level 15 of the Dungeon
 26674 | D:14     | Reached skill level 10 in Shields
 27738 | D:15     | Reached skill level 15 in Long Blades
 28535 | D:15     | Found a staircase to the Depths.
 28659 | D:15     | Bought the ring of Lefua {*Slow +Blink rElec MR+ Int+7} for
                  | 881 gold pieces
 28666 | D:15     | Identified a scroll of acquirement
 28890 | Orc:2    | Entered Level 2 of the Orcish Mines
 28927 | Orc:2    | Found a staircase to the Elven Halls.
 29159 | Orc:2    | Found a roughly hewn altar of Beogh.
 29657 | Orc:2    | Found a roughly hewn altar of Beogh.
 29657 | Orc:2    | Found Derauwne's Antique Weapon Shoppe.
 29776 | Orc:2    | Found a roughly hewn altar of Beogh.
 29797 | Orc:2    | Found a roughly hewn altar of Beogh.
 29824 | Orc:2    | Found a roughly hewn altar of Beogh.
 29825 | Orc:2    | Found Nucvoeju's Armour Emporium.
 29868 | Orc:2    | Reached skill level 11 in Shields
 29948 | Orc:2    | Found a roughly hewn altar of Beogh.
 30111 | Orc:2    | Noticed an orc warlord
 30173 | Orc:2    | Killed an orc warlord
 30252 | Orc:2    | Found Tyechieg's Antique Armour Boutique.
 30253 | Orc:2    | Found a roughly hewn altar of Beogh.
 30255 | Orc:2    | Found Bupitolo's Antique Weapon Shop.
 30268 | Orc:2    | Bought a pair of crude gloves for 228 gold pieces
 30533 | Spider:1 | Entered Level 1 of the Spider Nest
 30533 | Spider:1 | Noticed Asterion
 30613 | Shoals:1 | Entered Level 1 of the Shoals
 30702 | Lair:2   | Bought the +1 cloak of Starlight {rElec rC+ EV+4 Stlth--}
                  | for 534 gold pieces
 30702 | Lair:2   | Found the +1 cloak of Starlight {rElec rC+ EV+4 Stlth--}
 30813 | Shoals:1 | Reached XP level 16. HP: 98/125 MP: 22/22
 31817 | Shoals:1 | Identified the -3 pair of gloves "Jocva" {rCorr Str+3} (You
                  | bought it in a shop on level 2 of the Orcish Mines)
 31879 | Shoals:2 | Noticed Polyphemus
 31927 | Shoals:2 | Killed Polyphemus
 32694 | Shoals:2 | Noticed Frances
 32708 | Shoals:2 | Paralysed by a chaos spawn for 2 turns
 32719 | Shoals:2 | Killed Frances
 32719 | Shoals:2 | Reached skill level 12 in Shields
 32933 | Shoals:2 | Noticed Aizul
 32974 | Shoals:2 | Killed Aizul
 33228 | Shoals:2 | Found Iheluat's Magic Scroll Shop.
 34589 | Shoals:4 | Entered Level 4 of the Shoals
 35119 | Shoals:4 | Reached skill level 13 in Shields
 35613 | Shoals:4 | Reached XP level 17. HP: 112/131 MP: 24/24
 35663 | Shoals:4 | Got a pitted cloak
 35665 | Shoals:4 | Identified the cursed +0 cloak of Limitation {*Drain rPois
                  | SInv} (You found it on level 4 of the Shoals)
 35969 | Shoals:4 | Got a scorched scimitar
 35970 | Shoals:4 | Identified the +12 scimitar "Atabb" {slice, rN+ MP+9 Dex-3}
                  | (You found it on level 4 of the Shoals)
 36677 | Shoals:4 | Got a barnacled rune of Zot
 38246 | Spider:1 | Noticed Rupert
 38268 | Lair:4   | Killed Rupert
 38569 | Lair:4   | Killed Asterion
 39033 | Spider:1 | Reached skill level 10 in Evocations
 39195 | Spider:1 | Noticed Josephine
 39208 | Spider:1 | Killed Josephine
 39317 | Spider:1 | Reached skill level 14 in Shields
 40740 | Spider:2 | Found a runed translucent gate.
 40740 | Spider:2 | Found a runed translucent gate.
 40740 | Spider:2 | Found a runed translucent gate.
 40869 | Spider:2 | Noticed ciphuk's ghost (adept CeHu)
 41048 | Spider:3 | Reached skill level 15 in Shields
 41845 | Spider:4 | Entered Level 4 of the Spider Nest
 42268 | Spider:4 | Reached XP level 18. HP: 138/138 MP: 6/25
 43065 | Spider:4 | Reached skill level 16 in Shields
 44331 | Spider:4 | Got a gossamer rune of Zot
 44609 | Orc:2    | Bought +1 gold dragon scales for 1218 gold pieces
 44694 | Orc:2    | Bought a glowing large shield for 180 gold pieces
 44761 | Elf:1    | Entered Level 1 of the Elven Halls
 45694 | Elf:1    | Reached skill level 17 in Shields
 46029 | Elf:2    | Found a ruined gateway.
 46034 | Elf:2    | Identified the cursed +0 pair of gloves "Trusted Companion"
                  | {rF+ rCorr}
 46034 | Elf:2    | Noticed Nikola
 46053 | Elf:2    | Killed Nikola
 46477 | Elf:2    | Found a runed translucent gate.
 46477 | Elf:2    | Found a runed translucent gate.
 46478 | Elf:2    | Found a runed translucent gate.
 46695 | Elf:3    | Entered Level 3 of the Elven Halls
 46741 | Elf:3    | Found Woshrad's Armour Shoppe.
 46760 | Elf:3    | Found Xyguol's Magic Scroll Shop.
 47043 | Elf:3    | Found Nuixke Jaug's Assorted Antiques.
 47666 | Elf:3    | Identified the +5 large shield "Arpha" {rElec Str+4 Stlth-}
 47666 | Elf:3    | Noticed Louise
 47712 | Elf:3    | Killed Louise
 48135 | Elf:3    | Reached XP level 19. HP: 95/143 MP: 26/26
 48984 | Elf:3    | Found the +2 Maxwell's thermic engine {flame, freeze}
 49007 | Elf:3    | Reached skill level 18 in Shields
 49439 | Elf:3    | Identified the +0 ring mail "Ribol" {rElec rPois}
 49483 | Elf:3    | Identified the +4 plate armour "Gigoruax" {Str+2}
 49519 | Elf:3    | Identified the Almanac of the Boosting Voyage
 49546 | Elf:3    | Got a warped falchion
 49555 | Elf:3    | Identified the +8 falchion "Ykhuqiw" {drain, Str+4} (You
                  | found it on level 3 of the Elven Halls)
 49943 | Vaults:1 | Entered Level 1 of the Vaults
 51599 | Vaults:2 | Reached skill level 19 in Shields
 51627 | Vaults:2 | Reached XP level 20. HP: 129/150 MP: 27/27
 52235 | Vaults:2 | Noticed Boris
 52250 | Vaults:2 | Killed Boris
 52675 | Vaults:2 | Found a shimmering altar of Xom.
 53207 | Vaults:3 | Paralysed by a floating eye for 4 turns
 53218 | Vaults:3 | Paralysed by a floating eye for 3 turns
 53230 | Vaults:3 | Reached skill level 20 in Shields
 54031 | Vaults:3 | Found a staircase to the Crypt.
 54357 | Vaults:3 | Found Rehapriz's General Store.
 54366 | Vaults:3 | Bought a phantom mirror for 570 gold pieces
 54857 | Vaults:4 | Reached XP level 21. HP: 128/156 MP: 28/28
 55909 | Vaults:5 | Entered Level 5 of the Vaults
 55955 | Vaults:5 | Noticed an ancient lich
 55958 | Vaults:5 | Reached skill level 21 in Shields
 55964 | Vaults:5 | Identified the +3 plate armour of Joy {Str+3 SInv}
 55969 | Vaults:5 | Killed an ancient lich
 55990 | Vaults:5 | Identified the ring of Xydit Douho {MP+9 Int+6}
 56712 | Vaults:5 | Got a silver rune of Zot
 56783 | Vaults:5 | Identified the ring "Fuicoas" {rN+ Slay+2}
 56919 | Vaults:5 | Reached XP level 22. HP: 144/163 MP: 29/29
 57262 | Vaults:5 | Noticed a golden dragon
 57293 | Vaults:5 | Killed a golden dragon
 57293 | Vaults:5 | Reached skill level 15 in Armour
 57394 | Vaults:5 | Noticed a golden dragon
 57408 | Vaults:5 | Reached skill level 22 in Shields
 57410 | Vaults:5 | Noticed a golden dragon
 57421 | Vaults:5 | Killed a golden dragon
 58188 | Vaults:5 | Noticed a golden dragon
 58205 | Vaults:5 | Killed a golden dragon
 58222 | Vaults:5 | Killed a golden dragon
 58268 | Vaults:5 | Identified the +9 lajatang of the Head {antimagic, rPois}
 58500 | Vaults:5 | Identified the +10 scimitar "Keav" {venom, +Rage rElec rC+
                  | Stlth+}
 58500 | Vaults:5 | Identified the amulet of Esselig {Reflect Str+4 Int+2 SH+2}
 59040 | Vaults:5 | Got a pair of scorched gloves
 59079 | Vaults:5 | Got an ancient long sword
 59085 | Vaults:5 | Identified the +1 long sword "Jeqeluki" {holy, +Inv MR+
                  | Str+9 Int+4} (You found it on level 5 of the Vaults)
 59087 | Vaults:5 | Identified the +4 pair of gloves of the Ward {rN+ Int+2}
                  | (You found it on level 5 of the Vaults)
 59437 | Depths:1 | Entered Level 1 of the Depths
 59510 | Depths:1 | Noticed Sojobo
 59529 | Depths:1 | Killed Sojobo
 59823 | Depths:1 | Found a gateway to Hell.
 59966 | Depths:1 | Found Gonuelim's Antique Weapon Shoppe.
 59973 | Depths:1 | Found Heseamy's General Store.
 59973 | Depths:1 | Found Baupn's Armour Emporium.
 60061 | Depths:1 | Found Utor's Weapon Emporium.
 60083 | Depths:1 | Found a corrupted altar of Lugonu.
 60084 | Depths:1 | Found a one-way gate to the infinite horrors of the Abyss.
 60449 | Depths:1 | Reached XP level 23. HP: 169/169 MP: 30/30
 60494 | Depths:1 | Found a gateway to a ziggurat.
 60868 | Depths:2 | Noticed Boris
 60889 | Depths:2 | Killed Boris
 61061 | Depths:2 | Reached skill level 23 in Shields
 61748 | Depths:2 | Found Zeni's Gadget Shop.
 61751 | Depths:2 | Found Kiffiadgh's Jewellery Emporium.
 61753 | Depths:2 | Found Feadugh's Gadget Shop.
 61859 | Depths:2 | Found a glowing golden altar of the Shining One.
 62009 | Depths:2 | Identified the +0 faerie dragon scales {rF- rC- rN+ rCorr
                  | Str+6}
 62009 | Depths:2 | Noticed the Enchantress
 62043 | Depths:2 | Killed the Enchantress
 62409 | Depths:3 | Found a one-way gate leading to the halls of Pandemonium.
 63307 | Depths:3 | Noticed Margery
 63319 | Depths:3 | Killed Margery
 63886 | Depths:4 | Noticed a juggernaut
 64921 | Depths:4 | Got a twisted plate armour
 64922 | Depths:4 | Identified the +7 plate armour of Uskayaw's Castigation
                  | {-Tele Regen+ Int+3} (You found it on level 4 of the
                  | Depths)
 64939 | Depths:4 | Found a transporter.
 65114 | Depths:4 | Found a transporter.
 65148 | Depths:4 | Found a runed translucent door.
 65148 | Depths:4 | Found a bloodstained altar of Trog.
 65149 | Depths:4 | Found the cursed necklace of Bloodlust {*Rage +Rage MR++
                  | Int-3 Slay+6 *Curse}
 65208 | Depths:4 | Killed a juggernaut
 65225 | Depths:4 | Reached XP level 24. HP: 175/175 MP: 30/30
 65257 | Depths:4 | Reached skill level 24 in Shields
 65625 | Depths:4 | Got an ichor-stained plate armour
 65628 | Depths:4 | Identified the cursed +1 plate armour of the Vacuum {Str+5}
                  | (You found it on level 4 of the Depths)
 65826 | Depths:5 | Entered Level 5 of the Depths
 66907 | Depths:5 | Found a gate to the Realm of Zot.
 66908 | Depths:5 | Found a stormy altar of Qazlal.
 66930 | Depths:5 | Identified the Catalogue of Stolen Souls
 67924 | Slime:1  | Entered Level 1 of the Pits of Slime
 69394 | Slime:3  | Reached skill level 25 in Shields
 69997 | Slime:4  | Paralysed by a floating eye for 2 turns
 70006 | Slime:4  | Paralysed by a floating eye for 3 turns
 70314 | Slime:4  | Reached XP level 25. HP: 161/181 MP: 30/30
 70572 | Slime:5  | Entered Level 5 of the Pits of Slime
 72339 | Slime:5  | Noticed the Royal Jelly
 72888 | Slime:5  | HP: 7/182 [acid[the Royal Jelly] (6)]
 73710 | Slime:5  | Found a viscous altar of Jiyva.
 73761 | Slime:5  | HP: 6/183 [acid[the Royal Jelly] (7)]
 74634 | Crypt:1  | Entered Level 1 of the Crypt
 75038 | Crypt:1  | You are sucked into a shaft!
 75697 | Crypt:2  | Identified the Volume of Feathery Protection
 75806 | Crypt:3  | Entered Level 3 of the Crypt
 75878 | Crypt:3  | Reached skill level 15 in Fighting
 75948 | Crypt:3  | Found an ancient bone altar of Kikubaaqudgha.
 76749 | Crypt:3  | Found a staircase to the Tomb.
 76749 | Crypt:3  | Noticed Jory
 76769 | Crypt:3  | Killed Jory
 76934 | Crypt:3  | Gained mutation: You are strongly in touch with the powers
                  | of death. [Mummy growth]
 76934 | Crypt:3  | Reached XP level 26. HP: 149/211 MP: 30/30
 77111 | Crypt:3  | Got a steaming great sword
 77397 | Crypt:3  | Identified the +7 great sword "Wousoepp" {antimagic, Str-2
                  | Dex+6} (You found it on level 3 of the Crypt)
 77676 | Depths:1 | Paralysed by a floating eye for 3 turns
 77708 | Hell     | Entered the Vestibule of Hell
 77708 | Hell     | Noticed Geryon
 78874 | Hell     | Killed Geryon
 79127 | Hell     | Found a gateway to the Iron City of Dis.
 79193 | Hell     | Found a gateway to the freezing wastes of Cocytus.
 79379 | Hell     | Found a gateway to the decaying netherworld of Tartarus.
 79532 | Hell     | Found a gateway to the ashen valley of Gehenna.
 80395 | Slime:5  | Killed the Royal Jelly
 80449 | Slime:5  | Identified the Incunabulum of Quantum Contamination
 80491 | Slime:5  | Got a slimy rune of Zot
 80511 | Slime:5  | Identified the Tome of Warped Clay
 80521 | Slime:5  | Got a wavering turquoise ring
 80532 | Slime:5  | Identified the ring "Kish" {MR+ Dex-2 SInv Stlth+} (You
                  | found it on level 5 of the Pits of Slime)
 81083 | Coc:1    | Entered Level 1 of Cocytus
 82665 | Coc:5    | Reached XP level 27. HP: 211/224 MP: 30/30
 83720 | Coc:7    | Entered Level 7 of Cocytus
 84427 | Coc:7    | Noticed the Serpent of Hell
 84619 | Coc:7    | Killed the Serpent of Hell
 85215 | Coc:7    | Identified the ring "Sapsud" {rElec MR+ Int+4}
 85215 | Coc:7    | Noticed Antaeus
 85670 | Coc:7    | Identified the +10 quarterstaff of Unreason {freeze, rC+
                  | MR++ Str-4 Int+3}
 85778 | Coc:7    | Got an icy rune of Zot
 86313 | Spider:2 | Killed ciphuk's ghost
 86441 | Lair:5   | Bought a scroll of teleportation for 93 gold pieces
 86671 | Elf:3    | Bought a scroll of teleportation for 39 gold pieces
 86676 | Elf:3    | Bought a crude large shield for 389 gold pieces
 86676 | Elf:3    | Bought a pair of faintly glowing boots for 389 gold pieces
 86677 | Elf:3    | Identified the -8 large shield of the Forgotten Suns {*Slow
                  | Int+8 SInv Stlth+} (You bought it in a shop on level 3 of
                  | the Elven Halls)
 86678 | Elf:3    | Identified the cursed -5 pair of boots "Cesykhen" {+Fly
                  | Str-4 Int+2 Dex+2} (You bought it in a shop on level 3 of
                  | the Elven Halls)
 86689 | Elf:3    | Bought a scroll of teleportation for 57 gold pieces
 87090 | Geh:1    | Entered Level 1 of Gehenna
 87777 | Geh:2    | You are sucked into a shaft!
 89065 | Geh:7    | Entered Level 7 of Gehenna
 90563 | Geh:7    | Found the amulet of the Four Winds {rN+ MR+++ Clar}
 90596 | Geh:7    | Got a transparent bronze ring
 90599 | Geh:7    | Identified the ring "Rycheof" {rPois rN+ MP+9 Int+2 Dex-2}
                  | (You found it on level 7 of Gehenna)
 90684 | Geh:7    | Got a crude amethyst amulet
 90719 | Geh:7    | Identified the amulet of Circularity {RegenMP rF+ rN+++
                  | Str-2 Int-4} (You found it on level 7 of Gehenna)
 91641 | Geh:7    | Identified the +7 sceptre of Asmodeus
 91641 | Geh:7    | Noticed Asmodeus
 92151 | Geh:7    | Got an obsidian rune of Zot
 92250 | Geh:7    | Killed Asmodeus
 92795 | Tar:1    | Entered Level 1 of Tartarus
 94600 | Tar:5    | Killed from afar by a Tzitzimitl

Skill      XL: |  1  2  3  4  5  6  7  8  9 10 11 12 13 14 15 16 17 18 19 20 21 22 23 24 25 26 27 |
---------------+----------------------------------------------------------------------------------+-----
Long Blades    | 3 4 5 6 8 10 12 13 14 15 16 17 21 | 21.6
Armour         | 2 5 9 10 12 13 14 15 16 18 19 23 | 23.7
Fighting       | 4 7 10 11 17 20 | 20.0
Shields        | 5 9 11 13 15 17 19 20 21 22 23 25 | 25.0
Evocations     | 3 6 8 9 10 | 10.0
Throwing       | |  1.5
Dodging        | |  2.4

Action                   |  1- 3 |  4- 6 |  7- 9 | 10-12 | 13-15 | 16-18 | 19-21 | 22-24 | 25-27 || total
-------------------------+-------+-------+-------+-------+-------+-------+-------+-------+-------++-------
Melee: Long sword        |   110 |    38 |   179 |   650 |  2086 |  1018 |    20 |     7 |       ||  4108
       Glaive            |       |    33 |    84 |       |       |       |       |       |       ||   117
       Scimitar          |       |       |       |    16 |    27 |  1115 |   149 |       |       ||  1307
       Double sword      |       |       |       |       |       |       |  1500 |  1901 |  5041 ||  8442
Throw: Throwing net      |     3 |       |       |       |       |       |       |       |       ||     3
Invok: Call Merchant     |       |       |       |     1 |     4 |     1 |       |     6 |     3 ||    15
       Potion Petition   |       |       |       |       |       |       |       |       |     1 ||     1
 Abil: Evoke Blink       |       |       |       |       |       |    13 |     6 |     1 |    11 ||    31
       Stop Flying       |       |       |       |       |       |       |       |     1 |       ||     1
       Evoke Flight      |       |       |       |       |       |       |       |     1 |       ||     1
Evoke: Wand              |       |       |       |     5 |    26 |     7 |       |     1 |     8 ||    47
       Sack of spiders   |       |       |       |       |     1 |       |       |       |     1 ||     2
       Box of beasts     |       |       |       |       |       |       |       |       |     2 ||     2
       Lamp of fire      |       |       |       |       |       |       |       |       |     1 ||     1
       Horn of Geryon    |       |       |       |       |       |       |       |       |     1 ||     1
       Phantom mirror    |       |       |       |       |       |       |       |       |     1 ||     1
  Use: Scroll            |       |     4 |     4 |     8 |    12 |    33 |     6 |    12 |    24 ||   103
 Stab: Sleeping          |     2 |     1 |       |       |       |       |       |       |       ||     3
       Held in net/web   |     1 |       |       |       |       |       |       |       |       ||     1
       Distracted        |       |       |       |     1 |    11 |    20 |    17 |    12 |    28 ||    89
       Confused          |       |       |       |       |       |       |       |     1 |       ||     1
Armor: Leather armour    |    33 |    12 |       |       |       |       |       |       |       ||    45
       Plate armour      |       |    17 |   148 |   247 |   665 |   685 |       |       |       ||  1762
       Gold dragon scale |       |       |       |       |       |   115 |   387 |   616 |  1759 ||  2877
Dodge: Dodged            |    96 |    34 |    80 |   115 |   275 |   373 |   188 |   295 |   953 ||  2409
Block: Large shield      |       |       |       |       |   727 |  1884 |  1637 |  2150 |  6393 || 12791
       Reflection        |       |       |       |       |     6 |    91 |   130 |   132 |    52 ||   411
       Rpst.: Long sword |    27 |     4 |    18 |    30 |    78 |    31 |     1 |       |       ||   189
       Scimitar          |       |       |       |       |     5 |    43 |     5 |       |       ||    53
       Double sword      |       |       |       |       |       |       |    28 |    40 |   187 ||   255
